 Dungeon Crawl Stone Soup version 0.25-a0-578-gc91f01c39c (webtiles) character file.

Game seed: 16341914390460850787, levelgen mode: deterministic

7 DerDa the Firebug (level 1, -1/13 HPs)
             Began as a Demonspawn Fire Elementalist on Mar 5, 2020.
             Slain by a gnoll
             ... wielding a +0 club
              (3 damage)
             ... on level 2 of the Dungeon.
             The game lasted 00:01:08 (172 turns).

DerDa the Firebug (Demonspawn Fire Elementalist)     Turns: 172, Time: 00:01:09

Health: -1/13      AC:  2    Str:  8    XL:     1   Next: 83%
Magic:  2/3        EV: 12    Int: 16    God:
Gold:   22         SH:  0    Dex: 13    Spells: 3/4 levels left

rFire    . . .     SeeInvis .   (no weapon)
rCold    . . .     Gourm    .   (no shield)
rNeg     . . .     Faith    .   e - +0 robe (curse)
rPois    .         Spirit   .   (no helmet)
rElec    .         Reflect  .   (no cloak)
rCorr    .         Harm     .   (no gloves)
MR       .....                  (no boots)
Stlth    ++........             (no amulet)
HPRegen  0.04/turn              (no ring)
MPRegen  0.08/turn              (no ring)

@: no status effects
A: no striking features
a: no special abilities


You were on level 2 of the Dungeon.
You were not hungry.

You visited 1 branch of the dungeon, and saw 2 of its levels.

You collected 22 gold pieces.

Inventory:

Armour
 e - a cursed +0 robe (worn)
Scrolls
 b - a scroll of magic mapping {unknown}
Potions
 a - a potion of mutation {unknown}
 d - a potion of flight {unknown}
 g - a potion of haste {unknown}
Comestibles
 c - 3 rations
 f - 4 chunks of flesh


   Skills:
 - Level 1.7 Dodging
 - Level 1.7 Stealth
 * Level 2.1 Spellcasting
 * Level 1.3 Conjurations
 * Level 2.8 Fire Magic


You had 3 spell levels left.
You knew the following spells:

 Your Spells              Type           Power        Failure   Level  Hunger
a - Foxfire               Conj/Fire      #...         9%          1    #......

Your spell library contained the following spells:

 Spells                   Type           Power        Failure   Level  Hunger
 Conjure Flame            Conj/Fire      #.......     26%         3    ###....
 Inner Flame              Hex/Fire       #.......     34%         3    ###....
 Sticky Flame             Conj/Fire      #.......     65%         4    #####..
 Fireball                 Conj/Fire      #.........   94%         5    ######.


Dungeon Overview and Level Annotations

Branches:
Dungeon (1/15)

Altars:
Dithmenos


Message History

a +0 dagger; a goblin skeleton You fall into a shaft and drop 1 floor!
The shaft crumbles and collapses.
A gnoll comes into view. It is wielding a +0 club.
The gnoll shouts!
A gnoll comes into view. It is wielding a +0 spear.
The gnoll shouts!
Found 10 gold pieces and a scroll labeled HUXYTAENAT.
A gnoll comes into view. It is wielding a -1 flail.
A gnoll comes into view. It is wielding a +0 flail.
The gnoll shouts!
Found a shadowy altar of Dithmenos.
Your magical contamination has completely faded away.
The gnoll misses you. The gnoll hits you with a +0 club.
The gnoll hits you with a cursed -1 flail!
Ouch! That really hurt!
* * * LOW HITPOINT WARNING * * *
The gnoll hits you with a +0 club.
You die...

####################
........g.@........#
...#...#gg.#...#..#
...$.....g........_#
#...#...#.?.#...#..#
...................#
####################


You could see 4 gnolls.

Vanquished Creatures
  A dart slug (D:1)
  A giant cockroach (D:1)
  A goblin (D:1)
  A ball python (D:1)
  A rat (D:1)
5 creatures vanquished.

Vanquished Creatures (others)
  12 foxfires (D:1)
12 creatures vanquished.

Grand Total: 17 creatures vanquished

Notes
Turn   | Place    | Note
-------+----------+-------------------------------------------
     0 | D:1      | DerDa the Demonspawn Fire Elementalist began the quest for
                  | the Orb.
     0 | D:1      | Reached XP level 1. HP: 13/13 MP: 3/3
   163 | D:1      | You fall into a shaft and drop 1 floor!
   167 | D:2      | Found a shadowy altar of Dithmenos.
   172 | D:2      | Slain by a gnoll

Levels and vault maps discovered:
D:1:      minmay_arrival_glassed_features, layout_basic, minmay_fountain_box,
          chequers_serial_rivers_micro_b, corexii_corridor_pit
D:2:      layout_loops_ring, overflow_temple_1_default,
          lemuel_coloured_pillars_altar

Action                   || total
-------------------------++-------
Melee: Unarmed           ||    12
 Cast: Foxfire           ||     7
Armor: Robe              ||     2
Dodge: Dodged            ||     9

Table legend:
 A = Non-vault XP
 B = Vault XP
 C = Vault XP percentage of total XP
 D = Non-vault monster count
 E = Vault monster count
 F = Vault count percentage of total count
                 A         B        C        D         E       F
            +---------+---------+-------+---------+---------+-------
      Total |      10 |       0 |   0.0 |       5 |       0 |   0.0
            +---------+---------+-------+---------+---------+-------
        D:1 |      10 |       0 |   0.0 |       5 |       0 |   0.0
            +---------+---------+-------+---------+---------+-------
